 Dungeon Crawl Stone Soup version 0.21-a0-88-g13b9641 (webtiles) character file.

19219 smhtbhfam the Severer (level 12, -3/111 HPs)
             Began as a Deep Dwarf Fighter on June 26, 2017.
             Was an Elder of Makhleb.
             Killed by divine providence
             ... invoked by a smoke demon
             ... summoned by an orc sorcerer
              (10 damage)
             ... on level 1 of the Orcish Mines.
             The game lasted 00:53:32 (7359 turns).

smhtbhfam the Severer (Deep Dwarf Fighter)          Turns: 7359, Time: 00:53:33

Health: -3/111     AC: 16    Str: 23    XL:     12   Next: 34%
Magic:  12/12      EV: 18    Int:  9    God:    Makhleb [****..]
Gold:   610        SH: 12    Dex: 19    Spells: 6/11 levels left

rFire    + . .     SeeInvis .   a - +0 war axe
rCold    + . .     Gourm    .   c - +0 shield
rNeg     + + .     Faith    .   H - +2 scale mail {rN+}
rPois    .         Spirit   .   I - +0 helmet
rElec    .         Reflect  .   l - scarf {rC+ rF+}
rCorr    .         Harm     .   s - +1 pair of gloves
MR       +....                  L - +1 pair of boots
Stlth    +.........             (no amulet)
HPRegen  0.00/turn              N - ring of positive energy
MPRegen  0.13/turn              G - ring of magical power

@: agile, non-regenerating
A: damage resistance, heal wounds, sense surroundings 2, no regeneration
a: Heal Wounds, Minor Destruction, Lesser Servant of Makhleb, Major Destruction,
Renounce Religion


You were on level 1 of the Orcish Mines.
You worshipped Makhleb.
Makhleb was greatly pleased with you.
You were not hungry.

You visited 3 branches of the dungeon, and saw 17 of its levels.
You also visited: Labyrinth.

You collected 805 gold pieces.
You spent 195 gold pieces at shops.

Inventory:

Hand Weapons
 a - a +0 war axe (weapon)
 P - a +0 vampiric glaive
Missiles
 b - 7 tomahawks (quivered)
Armour
 c - a +0 shield (worn)
 l - a scarf of resistance (worn)
 s - a +1 pair of gloves (worn)
 A - a +0 plate armour
 H - a +2 scale mail of positive energy (worn)
 I - a +0 helmet (worn)
 L - a +1 pair of boots (worn)
Jewellery
 h - an uncursed ring of flight
 m - an uncursed ring of fire
 G - a ring of magical power (right hand)
 N - a ring of positive energy (left hand)
Wands
 g - a wand of polymorph (11/24)
 o - a wand of random effects (21/48)
 r - a wand of lightning (9/15)
 t - a wand of random effects (23/48)
 u - a wand of acid (0/15)
 w - a wand of lightning (7/15)
 B - a wand of disintegration (6/24)
 K - a wand of confusion (31/48)
Scrolls
 k - 2 scrolls of noise {unknown}
 n - 4 scrolls of teleportation
 x - a scroll of torment {unknown}
 E - 2 scrolls of remove curse {@r2}
 F - 3 scrolls of magic mapping
 J - a scroll of immolation {unknown}
 Q - a scroll of fog {unknown}
 R - a scroll of recharging
 U - a scroll of random uselessness {unknown}
Potions
 e - 4 potions of cancellation
 i - a potion of flight {unknown}
 q - 2 potions of ambrosia
 v - a potion of resistance {unknown}
 z - a potion of agility
 D - 2 potions of curing {@q1}
 O - a potion of lignification {!q}
 S - 2 potions of berserk rage {!q}
Comestibles
 d - 7 bread rations
 f - 9 chunks of flesh
 j - 18 royal jellies
 C - 3 meat rations


   Skills:
 + Level 8.2 Fighting
 * Level 15.2 Axes
 - Level 8.0 Armour
 + Level 5.5 Dodging
 + Level 9.1 Shields
 - Level 5.0 Invocations


You had 6 spell levels left.
You knew the following spells:

 Your Spells              Type           Power        Failure   Level  Hunger
a - Song of Slaying       Chrm           #.......     96%         2    ###....
b - Spectral Weapon       Hex/Chrm       #.......     99%         3    ####...


Dungeon Overview and Level Annotations

Branches:
Dungeon (15/15)            Temple (1/1) D:4            Lair (0/6) D:9
    Orc (1/2) D:9          Vaults (0/5) D:13
 Depths: D:15

Altars:
Ashenzari
Cheibriados
Dithmenos
Elyvilon
Fedhas
Gozag
Hepliaklqana
Kikubaaqudgha
Makhleb
Nemelex Xobeh
Okawaru
Qazlal
Ru
Trog
Uskayaw
Vehumet
Wu Jian
Xom
Yredelemnul
Zin
The Shining One
Beogh

Shops:
D:11 :   D:13 [

Annotations:
D:8 tough vault (east)
D:10 Gastronok
D:13 iron troll
D:14 Frances


Innate Abilities, Weirdness & Mutations

You are resistant to damage.
You can heal yourself by infusing magical energy.
You passively map the area around you.
You do not regenerate.


Message History

You feel much better.
The orc priest no longer looks unusually strong.
The stone giant closely misses you. The orc high priest barely misses you.
Unknown command.
You hit the orc high priest but do no damage.
The orc high priest is severely wounded.
You hit the stone giant but do no damage.
The smoke demon gestures at you. Something smites you!
The stone giant hits you!!
* * * LOW HITPOINT WARNING * * *
The smoke demon gestures at you. Something smites you!
* * * LOW HITPOINT WARNING * * *
You feel much better. You block the orc high priest's attack.
The smoke demon gestures at you. Something smites you!
The stone giant hits you!!
* * * LOW HITPOINT WARNING * * *
The smoke demon gestures at you. Something smites you!
You die...

##.....##.####
#######..# ## **
##.###.. , ,
##..##.., *###.
#...##4. *.#.. ,
##.###4# ,..$..
#...##4##)8$8.#*
##.©##o#[o}_=..*
* ,
##.##@##!8$8.# *
, ####C#o!..oC.
* #CO..#,*. , ,
#o3o## , **,
##3...© , *
###### *** * * *
, , * ,, ,


You could see 2 stone giants, an orc high priest, a two-headed ogre, a hellwing,
2 rust devils, 2 smoke demons and 3 orc priests.

Vanquished Creatures
  A minotaur (Lab)
  A hydra (D:12)
  A centaur warrior (D:14)
  2 two-headed ogres
  2 tengu warriors
  Nergalle (D:11)
  A deep elf mage (D:14)
  3 ugly things
  2 gargoyles
  An efreet (D:12)
  A kobold demonologist (D:11)
  A redback zombie (D:15)
  3 trolls
  2 hornets
  A hippogriff (D:9)
  Sigmund (D:5)
  A wyvern (D:11)
  3 yaks (D:11)
  2 wraiths
  A basilisk (D:11)
  2 hungry ghosts (D:12)
  A steam dragon (D:9)
  2 soldier ants
  An acid dragon (D:11)
  5 orc warriors
  2 sky beasts
  An ice beast (D:12)
  2 black bears
  2 phantoms
  3 ogres
  3 necrophages
  A boggart (D:13)
  11 centaurs
  A big kobold (D:7)
  11 bullfrogs
  A wyvern zombie (D:12)
  8 killer bees (D:12)
  5 howler monkeys
  4 lava snakes (Lab)
  3 crimson imps
  6 jellies
  3 centaur zombies
  13 orc priests
  A bullfrog skeleton (D:13)
  3 centaur skeletons
  5 iguanas
  10 orc wizards
  6 worker ants
  2 hound zombies (D:11)
  A hound skeleton (D:9)
  3 gnolls (D:10)
  3 adders
  5 shadow imps
  5 oozes (D:9)
  An adder zombie (D:9)
  3 dart slugs (D:1)
  2 leopard geckos
  48 orcs
  2 bats (D:1)
  5 giant cockroaches
  7 goblins
  2 hobgoblins
  20 kobolds
  4 quokkas
  3 frilled lizards
  A leopard gecko skeleton (D:9)
  A leopard gecko zombie (D:6)
  2 rats
267 creatures vanquished.

Vanquished Creatures (collateral kills)
  A sphinx (D:12)
  The ghost of Armakuni the Fighter, a journeyman HuWn of the Shining One (D:11)
  A cyclops (D:14)
  A tengu conjurer (D:14)
  A jumping spider (shapeshifter) (D:13)
  2 trolls
  A hippogriff (D:12)
  A wraith (D:14)
  2 big kobolds
  2 bullfrogs
  A wyvern skeleton (D:14)
  A scorpion (D:13)
  A hound (D:14)
  2 kobolds
18 creatures vanquished.

Grand Total: 285 creatures vanquished

Notes
Turn   | Place    | Note
-------+----------+-------------------------------------------
     0 | D:1      | smhtbhfam the Deep Dwarf Fighter began the quest for the Orb.
     0 | D:1      | Reached XP level 1. HP: 20/20 MP: 1/1
   126 | D:1      | Reached skill level 3 in Axes
   126 | D:1      | Reached XP level 2. HP: 18/27 MP: 2/2
   426 | D:2      | Reached XP level 3. HP: 14/33 MP: 3/3
   483 | D:1      | Reached skill level 4 in Axes
   902 | D:4      | Found a staircase to the Ecumenical Temple.
   924 | Temple   | Entered the Ecumenical Temple
   989 | Temple   | Became a worshipper of Makhleb the Destroyer
  1012 | D:4      | Noticed a phantom
  1056 | D:4      | Killed a phantom
  1056 | D:4      | Reached skill level 5 in Axes
  1056 | D:4      | Reached XP level 4. HP: 33/40 MP: 3/3
  1105 | D:5      | Entered Level 5 of the Dungeon
  1109 | D:5      | Noticed Sigmund
  1120 | D:5      | Killed Sigmund
  1120 | D:5      | Reached skill level 7 in Axes
  1120 | D:5      | Reached XP level 5. HP: 38/46 MP: 4/4
  1120 | D:5      | Reached XP level 6. HP: 45/55 MP: 5/5
  1244 | D:4      | Reached skill level 3 in Fighting
  1486 | D:6      | Found a hazy altar of Hepliaklqana.
  1808 | D:6      | Reached skill level 4 in Shields
  1808 | D:6      | Reached XP level 7. HP: 26/62 MP: 6/6
  1829 | D:6      | Reached skill level 8 in Axes
  2151 | D:7      | Found a white marble altar of Elyvilon.
  2153 | D:7      | Reached * piety under Makhleb
  2189 | D:7      | Found a bloodstained altar of Trog.
  2196 | D:7      | Reached skill level 5 in Shields
  2232 | D:7      | Reached XP level 8. HP: 31/72 MP: 7/7
  2288 | D:7      | Reached skill level 4 in Fighting
  2288 | D:7      | Reached skill level 9 in Axes
  2483 | D:7      | Found a sparkling altar of Nemelex Xobeh.
  2578 | D:7      | Reached skill level 1 in Dodging
  2846 | D:9      | Noticed a gargoyle
  2847 | D:9      | HP: 8/72 [gargoyle/stone arrow (22)]
  2854 | D:9      | Killed a gargoyle
  2854 | D:9      | Reached skill level 2 in Dodging
  2855 | D:9      | Reached skill level 6 in Shields
  2869 | D:9      | Reached skill level 10 in Axes
  2869 | D:9      | Reached skill level 3 in Dodging
  2897 | D:9      | Found a staircase to the Lair.
  2905 | D:8      | Noticed a hornet
  2923 | D:9      | Killed a hornet
  2959 | D:9      | Reached ** piety under Makhleb
  2961 | D:9      | Noticed a hippogriff
  2965 | D:9      | HP: 13/72 [ogre/giant club (6)]
  2969 | D:9      | Gained mutation: You passively map the area around you. [Deep Dwarf growth]
  2969 | D:9      | Reached XP level 9. HP: 37/78 MP: 6/6
  2979 | D:9      | Reached skill level 4 in Armour
  2979 | D:9      | Reached skill level 4 in Dodging
  3161 | D:9      | Reached skill level 11 in Axes
  3194 | D:8      | Noticed a troll
  3227 | D:9      | Killed a troll
  3245 | D:8      | Reached skill level 5 in Armour
  3255 | D:8      | HP: 15/79 [orc priest/nerve-wracking pain (6)]
  3326 | D:9      | Reached skill level 5 in Fighting
  3371 | D:10     | Entered Level 10 of the Dungeon
  3637 | D:10     | Reached skill level 1 in Invocations
  3647 | D:10     | Learned a level 2 spell: Song of Slaying
  3651 | D:10     | Learned a level 3 spell: Spectral Weapon
  3676 | D:10     | Noticed Gastronok
  3772 | D:10     | Reached skill level 2 in Invocations
  3785 | D:10     | HP: 11/81 [something (6)]
  3824 | D:11     | Reached skill level 3 in Invocations
  3914 | D:11     | Reached XP level 10. HP: 40/88 MP: 7/7
  3940 | D:11     | Reached skill level 4 in Invocations
  3989 | D:11     | Found Byosogg's Book Shop.
  4034 | D:11     | Found a labyrinth entrance.
  4044 | Lab      | Entered a labyrinth
  4119 | Lab      | Reached *** piety under Makhleb
  4119 | Lab      | Reached skill level 12 in Axes
  4473 | Lab      | Noticed a minotaur
  4478 | Lab      | HP: 13/88 [minotaur/faintly glowing lajatang {freeze} (5)]
  4501 | Lab      | Killed a minotaur
  4501 | Lab      | Reached skill level 5 in Invocations
  4529 | Lab      | Identified the cursed +1 lajatang "Hadai" {freeze, rElec} (You took it off a minotaur in a labyrinth)
  4649 | D:11     | Noticed Nergalle
  4665 | D:11     | Killed Nergalle
  4665 | D:11     | Reached skill level 6 in Fighting
  4699 | D:11     | Noticed a soul eater
  4701 | D:11     | Noticed a rust devil
  4802 | D:11     | Reached skill level 6 in Armour
  4893 | D:11     | HP: 16/91 [wyvern (7)]
  4896 | D:11     | Reached skill level 13 in Axes
  4984 | D:12     | Noticed a white ugly thing
  5003 | D:12     | HP: 6/92 [white ugly thing (15)]
  5015 | D:12     | HP: 16/92 [white ugly thing (10)]
  5016 | D:12     | HP: 2/92 [white ugly thing (6)]
  5018 | D:12     | Killed a white ugly thing
  5018 | D:12     | Reached skill level 7 in Shields
  5276 | D:12     | Reached skill level 5 in Dodging
  5276 | D:12     | Reached XP level 11. HP: 86/99 MP: 6/6
  5349 | D:12     | Noticed a six-headed hydra
  5370 | D:12     | Killed a six-headed hydra
  5482 | D:12     | Noticed a sphinx
  5509 | D:12     | Killed a sphinx
  5550 | D:13     | Found Kupliann's Armour Shop.
  5569 | D:13     | Bought a +1 pair of boots for 195 gold pieces
  5594 | D:13     | Noticed a tengu warrior
  5607 | D:13     | HP: 4/99 [tengu warrior/arrow (17)]
  5612 | D:13     | HP: 17/99 [bullfrog (3)]
  5632 | D:13     | Killed a tengu warrior
  5632 | D:13     | Reached skill level 7 in Fighting
  5743 | D:13     | Noticed a green ugly thing
  5764 | D:13     | Killed a green ugly thing
  5793 | D:13     | Noticed an iron troll
  5794 | D:13     | hmmm
  5840 | D:13     | Reached skill level 14 in Axes
  5859 | D:13     | Noticed a two-headed ogre
  5868 | D:13     | Killed a two-headed ogre
  5868 | D:13     | Reached skill level 7 in Armour
  5868 | D:13     | Reached skill level 8 in Shields
  5968 | D:12     | Noticed a red ugly thing
  5985 | D:12     | Killed a red ugly thing
  6053 | D:12     | Noticed a two-headed ogre
  6063 | D:12     | Killed a two-headed ogre
  6234 | D:14     | Noticed a centaur warrior
  6239 | D:14     | HP: 14/102 [centaur warrior/arrow (10)]
  6261 | D:14     | Killed a centaur warrior
  6273 | D:14     | Noticed Frances
  6282 | D:14     | Noticed a sixfirhy
  6323 | D:14     | Noticed a deep elf mage
  6332 | D:14     | HP: 17/102 [deep elf mage/bolt of lightning (14)]
  6335 | D:14     | Killed a deep elf mage
  6335 | D:14     | Reached XP level 12. HP: 35/110 MP: 6/6
  6372 | D:14     | Noticed a tengu warrior
  6389 | D:14     | Killed a tengu warrior
  6390 | D:14     | HP: 22/110 [battlesphere[a tengu warrior] (12)]
  6441 | D:14     | Reached **** piety under Makhleb
  6447 | D:14     | Reached skill level 8 in Fighting
  6449 | D:14     | Reached skill level 8 in Armour
  6590 | D:13     | Found a gate to the Vaults.
  6673 | D:15     | Entered Level 15 of the Dungeon
  6740 | D:15     | Reached skill level 15 in Axes
  6760 | D:15     | Reached skill level 9 in Shields
  7021 | D:11     | Noticed Armakuni's ghost (journeyman HuWn)
  7041 | D:11     | HP: 16/110 [Armakuni's ghost (11)]
  7043 | D:11     | Killed Armakuni's ghost
  7222 | D:9      | Found a staircase to the Orcish Mines.
  7231 | Orc:1    | Entered Level 1 of the Orcish Mines
  7237 | Orc:1    | Found a roughly hewn altar of Beogh.
  7308 | Orc:1    | Found a transporter.
  7317 | Orc:1    | i'll regret it
  7321 | Orc:1    | Noticed an orc high priest
  7321 | Orc:1    | Noticed a two-headed ogre
  7321 | Orc:1    | Found a roughly hewn altar of Beogh.
  7322 | Orc:1    | Noticed a stone giant
  7324 | Orc:1    | Noticed a stone giant
  7355 | Orc:1    | HP: 19/111 [stone giant (28)]
  7359 | Orc:1    | HP: 7/111 [stone giant (33)]
  7359 | Orc:1    | Killed from afar by a smoke demon

Vault maps used:
D:1:      minmay_arrival_cross
D:4:      minmay_temple_entry_nine_rooms, serial_shops, kennysheep_little_box
D:5:      first_bread, kennysheep_diamond, uniq_sigmund
D:6:      overflow_temple_1_default, led_sif_pool, hangedman_ru_absence
D:7:      nemelex_xobeh_ov_fountains_minmay, lemuel_doored_altar,
          trog_three_pillars_becter
D:8:      serial_glass, glass_columns_b, glass_columns_a, minmay_the_grid_2x2
D:9:      lair_entry_dummy, orc_0_dummy, hangedman_little_slice_of_home,
          onia_ninara_dug_in_and_dangerous
D:10:     uniq_gastronok
D:11:     serial_shops, nicolae_shop_trees, lab_entry_generic, uniq_nergalle
D:12:     kennysheep_four_rooms
D:13:     david_vaults_4, serial_shops,
          nicolae_shop_temple_entry_statues_fountains
D:14:     uniq_frances
D:15:     grunt_enter_depths_magical_seal, lemuel_coloured_pillars_altar,
          spider_trap
Temple:   eino_narrow_crystal_temple
Orc:1:    gammafunk_beogh_shrine, basic_altar
Lab:      nicolae_lab_very_dead_end, labyrinth_skeletal_remains,
          labyrinth_lava_lair, nicolae_lab_blocks, nicolae_lab_plus

Skill      XL: |  1  2  3  4  5  6  7  8  9 10 11 12 |
---------------+-------------------------------------+-----
Axes           | 3 5 7 8 10 11 13 14 15 | 15.2
Fighting       | 3 4 5 6 7 8 |  8.2
Shields        | 4 5 6 7 8 9 |  9.1
Dodging        | 3 4 5 |  5.5
Armour         | 5 6 7 8 |  8.0
Invocations    | 3 5 |  5.0

Action                   |  1- 3 |  4- 6 |  7- 9 | 10-12 || total
-------------------------+-------+-------+-------+-------++-------
Melee: War axe           |   131 |    60 |   442 |   659 ||  1292
Throw: Throwing net      |       |       |       |     1 ||     1
Invok: Minor Destruction |       |       |       |    13 ||    13
       Lesser Servant of |       |       |       |    15 ||    15
 Abil: Heal Wounds       |     2 |     1 |    17 |    29 ||    49
       Evoke Flight      |       |       |       |     1 ||     1
Evoke: Wand              |       |       |     1 |     5 ||     6
  Use: Scroll            |     3 |       |     7 |     9 ||    19
       Potion            |       |       |       |     6 ||     6
 Stab: Distracted        |       |       |       |     2 ||     2
       Held in net/web   |       |       |       |     2 ||     2
  Eat: Chunk             |     1 |     2 |     8 |    12 ||    23
       Royal jelly       |       |       |       |     1 ||     1
       Fruit             |       |       |       |     2 ||     2
Armor: Scale mail        |    68 |    13 |    15 |   200 ||   296
       Plate armour      |       |       |   226 |       ||   226
       Acid dragon scale |       |       |       |     9 ||     9
       Skin              |       |       |       |     6 ||     6
Dodge: Dodged            |    30 |    14 |    80 |   231 ||   355
Block: Shield            |    69 |    31 |   215 |   364 ||   679
